Map: Deathaura LE

Players

NORTHAMERICA - Winner!

  • Race: Protoss Protoss
  • League: Grandmaster
  • Spawn Location: 11:00

IntoTheGrace

  • Race: Terran Terran
  • League: Master
  • Spawn Location: 5:00

VOD

Have the link to the VOD?

Description

Time

  • Played on: June 27, 2020, 11:54 p.m.
  • Length: 6:29
Show
View Real Time Build Order
Export as new Build Order

NORTHAMERICA Protoss - Winner!

Build Orders: 1 Gate Expand, Blink Stalkers 

Get SALT Encoding   

  12  0:01  Probe  
  13  0:13  Probe  
  14  0:17  Pylon  
  14  0:25  Probe  
  15  0:34  Probe  
  15  0:37  Gateway  
  15  0:42  Probe  
  16  0:47  Assimilator  
  17  0:51  Probe  
  18  1:03  Probe  
  19  1:15  Probe  
  20  1:25  Cybernetics Core  
  20  1:27  Probe  
  21  1:36  Nexus  
  21  1:42  Pylon  
  21  1:46  Probe  
  22  1:51  Assimilator  
  22  1:52  Adept  
  22  1:57  Probe  
  23  2:03  Warp Gate  
  23  2:05  Probe  
  25  2:14  Probe  
  26  2:22  Stalker  
  27  2:25  Probe  
  30  2:36  Twilight Council  
  31  2:37  Probe  
  31  2:45  Probe  
  31  2:49  Probe  
  31  2:50  Blink  
  33  2:53  Probe  
  34  3:01  Probe  
  34  3:03  Probe, Gateway  
  36  3:09  Gateway  
  36  3:13  Probe  
  36  3:14  Sentry  
  36  3:15  Probe  
  40  3:25  Probe  
  40  3:26  Pylon  
  41  3:27  Probe  
  42  3:37  Probe  
  42  3:38  Robotics Facility  
  42  3:39  Probe  
  44  3:49  Probe  
  44  3:51  Probe  
  45  3:59  Stalker x2  
  45  4:01  Probe  
  50  4:03  Probe  
  50  4:07  Nexus  
  51  4:11  Pylon  
  51  4:13  Probe  
  51  4:16  Probe  
  53  4:20  Pylon  
  53  4:25  Charge  
  53  4:26  Probe  
  53  4:30  Probe, Observer  
  56  4:31  Stalker x2  
  56  4:35  Pylon  
  56  4:36  Assimilator  
  56  4:37  Stalker  
  62  4:38  Probe  
  63  4:48  Gateway  
  63  4:49  Gateway  
  63  4:54  Gateway  
  63  4:59  Probe  
  64  5:04  Probe  
  65  5:11  Gateway, Pylon  
  65  5:15  Immortal  
  69  5:21  Zealot  
  71  5:30  Zealot x2  
  71  5:35  Shield Battery x2  
  75  5:45  Immortal  
  75  5:47  Zealot x3  
  81  5:56  Zealot x3  
  91  6:07  Zealot x3  
  91  6:08  Zealot  
  98  6:17  Zealot x2  
Show
View Real Time Build Order
Export as new Build Order

IntoTheGrace Terran 

Build Orders: Reaper Expand 

Get SALT Encoding   

  12  0:00  SCV  
  13  0:13  SCV  
  14  0:17  Supply Depot  
  14  0:25  SCV  
  15  0:39  SCV  
  15  0:41  Barracks  
  16  0:45  Refinery  
  16  0:51  SCV  
  17  1:03  SCV  
  18  1:15  SCV  
  19  1:28  Orbital Command, Reaper  
  20  1:41  Command Center  
  20  1:53  SCV  
  21  2:00  Marine  
  22  2:01  Supply Depot  
  22  2:12  Factory, SCV  
  23  2:18  Refinery  
  23  2:24  Barracks Reactor, SCV  
  23  2:28  Bunker  
  24  2:36  SCV  
  25  2:42  Barracks  
  25  2:48  SCV  
  26  2:53  Orbital Command  
  26  2:56  Factory Tech Lab  
  26  3:00  SCV  
  26  3:01  Marine  
  26  3:04  Marine  
  29  3:12  Barracks  
  29  3:16  SCV  
  30  3:20  Marine  
  30  3:21  SCV  
  30  3:25  Factory Tech Lab  
  32  3:28  SCV  
  32  3:32  Supply Depot  
  33  3:37  Marine, Stimpack  
  33  3:38  Marine  
  33  3:40  SCV  
  36  3:41  SCV  
  36  3:45  Marine  
  38  3:51  Siege Tank  
  38  3:52  SCV  
  42  3:57  SCV  
  42  4:02  Supply Depot  
  43  4:03  Barracks Tech Lab, Marine x2  
  43  4:04  SCV  
  43  4:06  Marine  
  47  4:14  SCV  
  47  4:16  SCV  
  49  4:21  Combat Shield, Marine  
  49  4:22  Marine x2  
  52  4:25  Supply Depot  
  52  4:26  SCV  
  52  4:28  Siege Tank  
  52  4:31  Marine, SCV  
  58  4:40  Marine x2  
  58  4:45  Marine  
  61  4:46  SCV x2  
  61  4:47  Supply Depot x2  
  61  4:49  Marine  
  64  4:58  Marine x2, SCV  
  67  5:06  Marine  
  68  5:07  Marine  
  69  5:16  Marine x2  
  69  5:20  Siege Tank  
  72  5:23  Supply Depot  
  72  5:25  Supply Depot  
  69  5:31  Marine x2  
  69  5:33  Marine x2, SCV x2  
  69  5:35  Supply Depot  
  75  5:37  Supply Depot  
  73  5:45  SCV  
  73  5:47  SCV  
  73  5:48  Marine x2  
  74  5:57  SCV  
  74  5:58  Marine x2  
  80  6:06  Marine, Bunker  
  81  6:16  Bunker  
  83  6:22  Bunker  
Tags
 
Add a new tag
Caveats
  • Supply blocks, unpowered buildings, or Contaminate may cause inaccurate times.
  • Supply counts are checked every 10 seconds.